 Dungeon Crawl Stone Soup version 0.30.0-5-g1a98f26d00 (webtiles) character file.

Game seed: 5766541370744157672

1973 hawla the Cruncher (level 9, -2/63 HPs)
             Began as a Meteoran Fire Elementalist on May 12, 2023.
             Was an Initiate of Vehumet.
             Slain by a hornet (16 damage)
             ... while paralysed by a hornet
             ... on level 7 of the Dungeon.
             The game lasted 00:15:25 (2899 turns).

hawla the Cruncher (Meteoran Fire Elementalist)     Turns: 2899, Time: 00:15:26

Health: -2/63      AC:  3    Str: 10    XL:     9   Next: 71%
Magic:  18/18      EV:  2    Int: 21    God:    Vehumet [......]
Gold:   264        SH:  0    Dex: 15    Spells: 5/19 levels left

rFire   + . .        p - staff of fire
rCold   . . .        (no shield)
rNeg    . . .        a - +0 robe
rPois   .            (helmet restricted)
rElec   .            (no cloak)
rCorr   .            h - +0 pair of gloves
SInv    .            (no boots)
Will    +....        n - amulet of magic regeneration
Stlth   +            d - ring of wizardry
HPRegen 0.30/turn    (no ring)
MPRegen 0.56/turn

%: wizardry (x1)
@: paralysed, lethally poisoned (-2 -> -12), slowed, glowing
A: sense surroundings 2, otherworldly, glowing, explore regen, beak
a: Renounce Religion


You were on level 7 of the Dungeon.
You worshipped Vehumet.
Vehumet was noncommittal.
You visited 2 branches of the dungeon, and saw 8 of its levels.

You collected 264 gold pieces.

Inventory:

Hand Weapons
 b - a +0 quarterstaff
Armour
 a - a +0 robe (worn)
 h - a +0 pair of gloves (worn)
Magical Staves
 p - a staff of fire (weapon)
Jewellery
 d - a ring of wizardry (left hand)
 n - an amulet of magic regeneration (around neck)
 t - a +4 ring of protection
Wands
 f - a wand of digging (7)
 k - a wand of mindburst (14) (quivered)
Scrolls
 i - 5 scrolls of identify
 j - a scroll of noise {unknown}
 o - 2 scrolls of fear {unknown}
 q - a scroll of enchant weapon {unknown}
 s - 2 scrolls of teleportation {unknown}
Potions
 c - 2 potions of curing
 e - a potion of cancellation
 g - a potion of might
 l - 2 potions of heal wounds
 m - a potion of berserk rage {unknown}
 r - a potion of magic


   Skills:
 + Level 0.5 Fighting
 + Level 10.7 Staves
 + Level 3.4 Dodging
 - Level 1.4 Stealth
 + Level 5.6 Spellcasting
 + Level 2.3 Conjurations
 * Level 0.1 Necromancy
 + Level 6.7 Fire Magic
 + Level 3.0 Evocations


You had 5 spell levels left.
You knew the following spells:

 Your Spells              Type           Power      Damage    Failure   Level
a - Foxfire               Conj/Fire      100%       2x1d9     1%          1
b - Scorch                Fire           100%       2d9       1%          2
c - Flame Wave            Conj/Fire      37%        2d10      6%          4
d - Vampiric Draining     Necr           6%         2d6       12%         3
e - Dispel Undead         Necr           6%         3d8       34%         4

Your spell library contained the following spells:

 Spells                   Type           Power      Damage    Failure   Level
 Kiss of Death            Conj/Necr      44%        2d8       2%          1
 Inner Flame              Hex/Fire       30%        N/A       3%          3
 Volatile Blastmotes      Fire/Tloc      60%        2d15      3%          3
 Necrotise                Necr           24%        1d5       4%          1
 Sandblast                Erth           10%        2d5       4%          1
 Passwall                 Tmut/Erth      4%         N/A       6%          2
 Stone Arrow              Conj/Erth      20%        3d8       8%          3
 Confusing Touch          Hex            5%         N/A       12%         3
 Agony                    Necr           6%         N/A       69%         5


Dungeon Overview and Level Annotations

Branches:
Dungeon (7/15) Zot: 1476   Temple (1/1) D:7 Zot: 424

Altars:
Ashenzari
Cheibriados
Dithmenos
Elyvilon
Fedhas
Hepliaklqana
Kikubaaqudgha
Makhleb
Okawaru
Qazlal
Ru
Trog
Vehumet
Wu Jian
Xom
Yredelemnul
Zin
The Shining One

Shops:
D:5 *

Annotations:
D:7 2 transporters, tizbic2's ghost, novice VSAr


Innate Abilities, Weirdness & Mutations

You passively map the area around you.
You are easily found by Zot.
You glow in the dark.
You regain HP and MP as you explore.
You have a beak for a mouth.


Message History

You feel as though you will be slow longer.
You feel much better. The hornet stings you!
You feel as though you will be slow longer.
The hornet stings you!
* * * LOW HITPOINT WARNING * * *
You feel as though you will be slow longer.
You feel much better. The hornet barely misses you. The hornet stings you!
You suddenly lose the ability to move!
The hornet stings you.
You are poisoned.
You shrug off the repeated paralysis!
The hornet barely misses you.
You feel very sick. The hornet stings you.
* * * LOW HITPOINT WARNING * * *
You feel as though you will be slow longer.
You can move again.
Casting: Scorch (safe; 1% risk of failure)
Confirm with . or Enter, or press ? or * to list all spells.
You feel a surge of power!
Flames lash the hornet.
The hornet is burned terribly!
The hornet is almost dead.
You feel very sick. The hornet barely misses you. The hornet stings you.
* * * LOW HITPOINT WARNING * * *
You feel as though you will be slow longer.
The hornet misses you.
You feel much better.
You feel very sick. The hornet stings you.
You suddenly lose the ability to move!
The hornet stings you!
You are more poisoned.
You feel as though you will be slow longer.
You feel very sick. The hornet stings you.
* * * LOW HITPOINT WARNING * * *
You feel as though you will be slow longer.
You feel very sick.
The hornet stings you but does no damage.
The hornet stings you!
You die...

**> , . *##...##
#...# ,* *..
.....# ##..## *
*
...###.©.###...#
* ,
#....#####....##
* *,
**#....©....###
* * *
#.##..(#### *, *
* * *##.## , ,
###.###.### ,* *
, ...$.....@# *,
, * ##..#####y#
* # * #.# * * ,
,...,, * * **
**, ##.##* *,*
#$# ** * * #..,
, , ##. * * .* *


You could see a hornet (combustible).

Vanquished Creatures
  Prince Ribbit (D:6)
  Sigmund (D:3)
  3 black bears
  An ice beast (D:6)
  An ogre (D:5)
  A sky beast (D:7)
  3 phantoms
  A scorpion (D:6)
  5 wights
  3 killer bees (D:6)
  A howler monkey (D:6)
  An electric eel (D:6)
  A hound (D:6)
  A gnoll bouda (D:7)
  4 iguanas
  A sleepcap (D:5)
  An orc wizard (D:6)
  5 gnolls (D:7)
  5 adders
  A worm (D:2)
  3 dart slugs
  9 orcs
  2 ball pythons
  An endoplasm (D:3)
  3 goblins (D:4)
  A hobgoblin (D:4)
  3 jackals (D:4)
  2 kobolds
  A rat (D:3)
66 creatures vanquished.

Vanquished Creatures (others)
  An adder (D:6)
  143 foxfires
144 creatures vanquished.

Grand Total: 210 creatures vanquished

Notes
Turn   | Place    | Note
-------+----------+-------------------------------------------
     0 | D:1      | hawla the Meteoran Fire Elementalist began the quest for
                  | the Orb.
     0 | D:1      | Reached XP level 1. HP: 14/14 MP: 5/5
    49 | D:2      | Reached XP level 2. HP: 8/20 MP: 1/6
    52 | D:2      | Learned a level 2 spell: Scorch
   166 | D:3      | Noticed Sigmund
   177 | D:3      | Killed Sigmund
   178 | D:3      | Reached skill level 5 in Fire Magic
   178 | D:3      | Reached XP level 3. HP: 27/27 MP: 3/9
   178 | D:3      | Reached XP level 4. HP: 34/34 MP: 3/11
   178 | D:3      | Reached XP level 5. HP: 39/39 MP: 3/12
   178 | D:3      | Reached XP level 6. HP: 46/46 MP: 3/13
   213 | D:3      | Learned a level 4 spell: Flame Wave
   284 | D:4      | Noticed a black bear
   294 | D:4      | Killed a black bear
   295 | D:4      | Reached skill level 1 in Staves
   392 | D:4      | Reached skill level 2 in Staves
   392 | D:4      | Reached XP level 7. HP: 51/51 MP: 8/14
   533 | D:4      | Reached skill level 3 in Staves
   594 | D:4      | Reached skill level 4 in Staves
  1092 | D:5      | Entered Level 5 of the Dungeon
  1304 | D:5      | Found Meno's General Store.
  1320 | D:5      | Reached skill level 5 in Staves
  1365 | D:5      | Reached XP level 8. HP: 46/58 MP: 10/15
  1466 | D:5      | Reached skill level 6 in Staves
  1483 | D:5      | Gained mutation: You have a beak for a mouth. [potion of
                  | mutation]
  1660 | D:5      | Found a snail-covered altar of Cheibriados.
  1728 | D:6      | Reached skill level 7 in Staves
  1763 | D:6      | Reached skill level 8 in Staves
  1795 | D:6      | Noticed Prince Ribbit
  1800 | D:6      | Killed Prince Ribbit
  1801 | D:6      | Reached skill level 9 in Staves
  1841 | D:6      | Gained mutation: You passively map the area around you.
                  | [Meteoran growth]
  1841 | D:6      | Reached XP level 9. HP: 63/63 MP: 13/16
  2111 | D:6      | Reached skill level 10 in Staves
  2168 | D:6      | Found a hazy altar of Hepliaklqana.
  2298 | D:6      | Learned a level 3 spell: Vampiric Draining
  2328 | D:6      | Learned a level 4 spell: Dispel Undead
  2526 | D:7      | Found a staircase to the Ecumenical Temple.
  2532 | Temple   | Entered the Ecumenical Temple
  2658 | Temple   | Became a worshipper of Vehumet
  2798 | D:7      | Reached skill level 5 in Spellcasting
  2816 | D:7      | Noticed a moth of wrath
  2816 | D:7      | Noticed tizbic2's ghost (novice VSAr)
  2826 | D:7      | Noticed a troll
  2826 | D:7      | Found a bloodstained altar of Trog.
  2873 | D:7      | Found a transporter.
  2875 | D:7      | Found a transporter.
  2883 | D:7      | Noticed a hornet
  2888 | D:7      | Paralysed by a hornet for 3 turns
  2893 | D:7      | Paralysed by a hornet for 3 turns
  2897 | D:7      | Paralysed by a hornet for 3 turns
  2899 | D:7      | Slain by a hornet

Illustrated notes

Levels and vault maps discovered:
D:1:      scummos_arrival_hexagon, layout_loops_corners,
          dreamdust_ecumenical_altar_grove, minmay_tall_x
D:2:      layout_basic, kennysheep_crisscross, uniq_terence
D:3:      minmay_chambers_of_twos, layout_loops_ring, uniq_sigmund
D:4:      layout_basic, columned_hall_lemuel, minmay_misc_feat_nine_boxes,
          minmay_stone_trees_small
D:5:      layout_basic, kennysheep_mini_moat, serial_shops, shop
D:6:      cheibrodos_helix_gallery, layout_loops_cross,
          nzn_hepliaklqana_mist_gate, chequers_mini_garden, st_stairs_6,
          kennysheep_generic_room_13, uniq_prince_ribbit1
D:7:      layout_loops_ring, mainiacjoe_overflow_paths,
          nicolae_uskayaw_dance_studio, minmay_temple_entry_enclosed_plants,
          gammafunk_ghost_wrathful_warriors
Temple:   bh_familiar_temple

Skill      XL: |  1  2  3  4  5  6  7  8  9 |
---------------+----------------------------+-----
Fire Magic     | 5 6 |  6.7
Dodging        | 3 |  3.4
Spellcasting   | 4 5 |  5.6
Conjurations   | 2 |  2.3
Staves         | 2 5 9 10 | 10.7
Evocations     | 3 |  3.0
Fighting       | |  0.5
Stealth        | |  1.4
Necromancy     | |  0.1

Action                     |  1- 3 |  4- 6 |  7- 9 || total
---------------------------+-------+-------+-------++-------
  Melee: Unarmed           |     1 |     1 |       ||     2
         Staff             |       |       |     3 ||     3
   Cast: Foxfire           |    15 |     7 |    59 ||    81
         Scorch            |     3 |     2 |    49 ||    54
         Flame Wave        |       |     1 |     8 ||     9
         Dispel Undead     |       |       |     1 ||     1
  Evoke: Wand              |       |     1 |       ||     1
    Use: Potion            |     2 |       |     4 ||     6
         Scroll            |       |       |     6 ||     6
 Armour: Robe              |       |       |     8 ||     8
  Dodge: Dodged            |     2 |     3 |    34 ||    39
